 Dungeon Crawl Stone Soup version 0.28.0-45-g0d030f2227 (webtiles) character file.

Game seed: 16963460349699407078

55 DearestLeader the Shield-Bearer (level 3, -27/35 HPs)
             Began as a Gnoll Fighter on Mar 30, 2022.
             Killed from afar by Ijyb (36 damage)
             ... with a bolt of acid
             ... on level 3 of the Dungeon.
             The game lasted 00:02:15 (1948 turns).

DearestLeader the Shield-Bearer (Gnoll Fighter)     Turns: 1948, Time: 00:02:16

Health: -27/35     AC:  7    Str: 17    XL:     3   Next: 93%
Magic:  13/13      EV:  9    Int:  7    God:
Gold:   138        SH:  6    Dex: 17    Spells: 4/4 levels left

rFire   . . .      SeeInvis .   a - +0 war axe
rCold   . . .      Faith    .   c - +0 buckler
rNeg    . . .      Spirit   .   b - +0 scale mail
rPois   .          Reflect  .   (no helmet)
rElec   .          Harm     .   (no cloak)
rCorr   .          Rampage  .   (no gloves)
Will    .....                   (no boots)
Stlth   ..........              (no amulet)
HPRegen 0.11/turn               f - ring of magical power
MPRegen 0.13/turn               i - +6 ring of dexterity

@: no status effects
A: fangs 1, strong nose, distributed training
a: no special abilities


You were on level 3 of the Dungeon.
You visited 1 branch of the dungeon, and saw 3 of its levels.

You collected 138 gold pieces.

Inventory:

Hand Weapons
 a - a +0 war axe (weapon)
 m - a +0 broad axe
Missiles
 o - 23 sling bullets
Armour
 b - a +0 scale mail (worn)
 c - a +0 buckler (worn)
 j - a +0 plate armour
Jewellery
 f - a ring of magical power (left hand)
 i - a +6 ring of dexterity (right hand)
Scrolls
 g - a scroll of magic mapping {unknown}
 h - 2 scrolls of identify {unknown}
 k - a scroll of teleportation {unknown}
 n - a scroll of immolation {unknown}
 p - a scroll of enchant weapon {unknown}
Potions
 d - 2 potions of might
 l - a potion of lignification {unknown}


   Skills:
 + Level 6.5 Fighting
 + Level 1.0 Short Blades
 + Level 1.0 Long Blades
 + Level 4.6 Axes
 + Level 1.0 Maces & Flails
 + Level 1.0 Polearms
 + Level 1.0 Staves
 + Level 1.0 Slings
 + Level 1.0 Bows
 + Level 1.0 Crossbows
 + Level 1.0 Throwing
 + Level 6.5 Armour
 + Level 1.0 Dodging
 + Level 1.0 Stealth
 + Level 6.5 Shields
 + Level 1.0 Unarmed Combat
 + Level 1.0 Spellcasting
 + Level 0.7 Conjurations
 + Level 0.7 Hexes
 + Level 0.7 Summonings
 + Level 0.7 Necromancy
 + Level 0.7 Translocations
 + Level 0.7 Transmutations
 + Level 0.7 Fire Magic
 + Level 0.7 Ice Magic
 + Level 0.7 Air Magic
 + Level 0.7 Earth Magic
 + Level 0.7 Poison Magic
 + Level 1.0 Invocations
 + Level 1.0 Evocations


You had 4 spell levels left.
You didn't know any spells.
Your spell library was empty.

Dungeon Overview and Level Annotations

Branches:
Dungeon (3/15)

Altars:
Zin

Annotations:
D:3 Ijyb


Innate Abilities, Weirdness & Mutations

You have very sharp teeth.
Your uncanny sense of smell can sniff out nearby items.
Your experience applies equally to all skills.


Message History

You see here 6 gold pieces.
You hit the ball python.
You kill the ball python!
You closely miss the kobold. The kobold hits you but does no damage.
You hit the endoplasm.
The endoplasm is lightly wounded.
You closely miss the kobold. You block the kobold's attack.
You block the endoplasm's attack.
You hit the endoplasm.
The endoplasm is moderately wounded.
You hit the kobold. The kobold hits you but does no damage.
The endoplasm closely misses you. You block the kobold's attack.
You barely miss the kobold.
The kobold is severely wounded.
You slash the endoplasm!
You kill the endoplasm!
The kobold hits you with a +0 dagger.
You closely miss the kobold.
The kobold is severely wounded.
The kobold barely misses you.
You hit the kobold.
You kill the kobold!
No target in view!
Things that are here:
a +0 dagger; a ball python corpse You now have 124 gold pieces (gained 6).
Found a stone staircase leading up.
You now have 138 gold pieces (gained 14).
Ijyb the Twisted Goblin comes into view.
She is wielding a +0 club and carrying a wand of acid (9).
Ijyb shouts!
Ijyb moves out of view.
A ball python comes into view.
Ijyb zaps a wand.
The bolt of acid misses you.
Ijyb zaps a wand.
The bolt of acid hits you!!
Ouch! That really hurt!
* * * LOW HITPOINT WARNING * * *
It was a potion of curing.
You feel better.
Ijyb zaps a wand.
The bolt of acid hits you!!!
Ouch! That really hurt!
You die...

...... .....
.... #... # #...
#.#.Sg ∆
#.#...##
##.$...@#
......#.# #
####..#.#
#.#.......#
.....#....##
#.##.#.....##
#.......#...#
..###.##.##.#...
#.......####


You could see Ijyb and a ball python.

Vanquished Creatures
  A worm (D:2)
  2 dart slugs (D:1)
  4 ball pythons
  6 bats
  5 endoplasms
  2 giant cockroaches
  5 goblins
  6 hobgoblins
  2 quokkas
  3 frilled lizards
  3 kobolds
  4 rats
43 creatures vanquished.

Notes
Turn   | Place    | Note
-------+----------+-------------------------------------------
     0 | D:1      | DearestLeader the Gnoll Fighter began the quest for the
                  | Orb.
     0 | D:1      | Reached XP level 1. HP: 23/23 MP: 1/1
   128 | D:1      | Reached XP level 2. HP: 23/29 MP: 2/2
   646 | D:1      | Reached XP level 3. HP: 29/35 MP: 3/3
  1140 | D:2      | Found a glowing silver altar of Zin.
  1162 | D:2      | Reached skill level 1 in Invocations
  1481 | D:2      | Reached skill level 1 in Short Blades
  1481 | D:2      | Reached skill level 1 in Long Blades
  1481 | D:2      | Reached skill level 1 in Maces & Flails
  1481 | D:2      | Reached skill level 1 in Polearms
  1481 | D:2      | Reached skill level 1 in Staves
  1481 | D:2      | Reached skill level 1 in Slings
  1481 | D:2      | Reached skill level 1 in Bows
  1481 | D:2      | Reached skill level 1 in Crossbows
  1481 | D:2      | Reached skill level 1 in Throwing
  1481 | D:2      | Reached skill level 1 in Dodging
  1481 | D:2      | Reached skill level 1 in Stealth
  1481 | D:2      | Reached skill level 1 in Unarmed Combat
  1481 | D:2      | Reached skill level 1 in Spellcasting
  1481 | D:2      | Reached skill level 1 in Evocations
  1944 | D:3      | Noticed Ijyb
  1948 | D:3      | Killed from afar by Ijyb

Illustrated notes

Levels and vault maps discovered:
D:1:      dpeg_arrival_fog, layout_loops_cross
D:2:      layout_loops_ring, basic_altar, kennysheep_generic_room_14
D:3:      layout_loops_cross, uniq_ijyb, uniq_sigmund, uniq_crazy_yiuf_cottage

Skill      XL: |  1  2  3 |
---------------+----------+-----
Invocations    | 1 |  1.0
Short Blades   | 1 |  1.0
Long Blades    | 1 |  1.0
Maces & Flails | 1 |  1.0
Polearms       | 1 |  1.0
Staves         | 1 |  1.0
Slings         | 1 |  1.0
Bows           | 1 |  1.0
Crossbows      | 1 |  1.0
Throwing       | 1 |  1.0
Dodging        | 1 |  1.0
Stealth        | 1 |  1.0
Unarmed Combat | 1 |  1.0
Spellcasting   | 1 |  1.0
Evocations     | 1 |  1.0
Fighting       | |  6.5
Axes           | |  4.6
Armour         | |  6.5
Shields        | |  6.5
Conjurations   | |  0.7
Hexes          | |  0.7
Summonings     | |  0.7
Necromancy     | |  0.7
Translocations | |  0.7
Transmutations | |  0.7
Fire Magic     | |  0.7
Ice Magic      | |  0.7
Air Magic      | |  0.7
Earth Magic    | |  0.7
Poison Magic   | |  0.7

Action                   || total
-------------------------++-------
Melee: War axe           ||   104
       Bite              ||     9
  Use: Potion            ||     1
Armor: Scale mail        ||    44
Dodge: Dodged            ||    34
Block: Buckler           ||    29
